 Dungeon Crawl Stone Soup version 0.28-a0-828-g0121872642 (webtiles) character file.

Game seed: 16278020289838733308

44 timneilson the Covered (level 3, -3/23 HPs)
             Began as a Gargoyle Fighter on Nov 11, 2021.
             Slain by Terence (8 damage)
             ... on level 2 of the Dungeon.
             The game lasted 00:02:05 (1397 turns).

timneilson the Covered (Gargoyle Fighter)           Turns: 1397, Time: 00:02:06

Health: -3/23      AC: 10    Str: 20    XL:     3   Next: 60%
Magic:  3/3        EV:  9    Int:  8    God:
Gold:   47         SH:  4    Dex:  9    Spells: 2/2 levels left

rFire   . . .      SeeInvis .   a - +0 long sword
rCold   . . .      Faith    .   c - +0 buckler
rNeg    + . .      Spirit   .   b - +0 scale mail
rPois   ∞          Reflect  .   (no helmet)
rElec   +          Harm     .   (no cloak)
rCorr   .          Rampage  .   (no gloves)
Will    .....                   (no boots)
Stlth   ..........              (no amulet)
HPRegen 0.07/turn               (no ring)
MPRegen 0.08/turn               (no ring)

@: no status effects
A: sickness immunity, AC +3, negative energy resistance 1, electricity
resistance, torment resistance 1, petrification resistance
a: no special abilities


You were on level 2 of the Dungeon.
You visited 1 branch of the dungeon, and saw 2 of its levels.

You collected 47 gold pieces.

Inventory:

Hand Weapons
 a - a +0 long sword (weapon)
Armour
 b - a +0 scale mail (worn)
 c - a +0 buckler (worn)
Scrolls
 e - a scroll of noise {unknown}
Potions
 d - a potion of might
 f - a potion of attraction {unknown}
 g - a potion of heal wounds {unknown}


   Skills:
 + Level 3.5 Fighting
 * Level 2.4 Long Blades
 * Level 3.7 Armour
 + Level 0.6 Dodging
 * Level 3.7 Shields


You had 2 spell levels left.
You didn't know any spells.
Your spell library contained the following spells:

 Spells                   Type           Power      Damage    Failure   Level
 Blink                    Tloc           0%         N/A       88%         2
 Call Canine Familiar     Summ           0%         N/A       98%         3
 Portal Projectile        Hex/Tloc       0%         N/A       98%         3
 Leda's Liquefaction      Hex/Erth       0%         N/A       100%        4
 Manifold Assault         Tloc           0%         N/A       100%        5
 Storm Form               Tmut/Air       0%         N/A       100%        7


Dungeon Overview and Level Annotations

Branches:
Dungeon (2/15)

Altars:

Annotations:
D:2 Terence


Innate Abilities, Weirdness & Mutations

You are immune to sickness and miasma.
Your stone body is resilient. (AC +3)
You are immune to poison.
You resist negative energy. (rN+)
You are resistant to electric shocks. (rElec)
You are resistant to unholy torment.
You are immune to petrification.


Message History

You slash Terence!
Terence is moderately wounded.
Terence hits you with a +4 short sword of speed.
You block Terence's attack.
You hit Terence but do no damage.
Terence is moderately wounded.
You block Terence's attack. Terence hits you but does no damage.
You closely miss Terence.
Terence is moderately wounded.
Terence hits you but does no damage. Terence screams, "I want your blood!"
Terence barely misses you.
You closely miss Terence.
Terence is moderately wounded.
You block Terence's attack. Terence barely misses you.
You closely miss Terence.
Terence is moderately wounded.
You block Terence's attack. Terence hits you but does no damage.
You barely miss Terence.
Terence is moderately wounded.
Terence hits you with a +4 short sword of speed.
Terence closely misses you.
You hit Terence.
Terence is moderately wounded.
Terence hits you with a +4 short sword of speed.
Terence hits you but does no damage.
You closely miss Terence.
Terence is moderately wounded.
You block Terence's attack.
Terence hits you with a +4 short sword of speed!
* * * LOW HITPOINT WARNING * * *
You hit Terence.
Terence is moderately wounded.
Terence screams, "I want your blood!" Terence barely misses you.
You block Terence's attack.
You barely miss Terence.
Terence is moderately wounded.
Terence barely misses you.
Terence hits you with a +4 short sword of speed!
You die...

....#..#.# .........# #.#
....#..#.### #.#
..........> ...
.........## #.##.#
..#.##...# #.##.#
.........# #.##.#
..#..#...# #@##.#
.........## #@##.#
..........# #.##.#
.....##..#######.##.######
#.#..##.##...............#
#.#..##.##.#####.##.####.#
#.#...#.##.# #.##.# #
#.#.#.##.. ..##.#
#.#.#.#.##.# #####.#
#...#.#.##.# #.# #.#


You could see Terence.

Vanquished Creatures
  An adder (D:2)
  3 ball pythons
  2 bats (D:1)
  3 endoplasms
  A giant cockroach (D:2)
  7 hobgoblins
  2 frilled lizards (D:2)
  4 goblins
  6 kobolds
  5 rats
34 creatures vanquished.

Notes
Turn   | Place    | Note
-------+----------+-------------------------------------------
     0 | D:1      | timneilson the Gargoyle Fighter began the quest for the
                  | Orb.
     0 | D:1      | Reached XP level 1. HP: 14/14 MP: 1/1
   349 | D:1      | Reached XP level 2. HP: 19/19 MP: 2/2
   843 | D:2      | Reached XP level 3. HP: 13/23 MP: 3/3
  1383 | D:2      | Noticed Terence
  1397 | D:2      | Slain by Terence

Illustrated notes

Levels and vault maps discovered:
D:1:      lemuel_arrival_hallway, layout_loops_ring, minmay_door_square
D:2:      layout_basic, hellmonk_ecumenical_altar_watching_god,
          chequers_serial_rivers_small_b, minmay_nonomino_d4, uniq_robin,
          uniq_terence

Skill      XL: |  1  2 |
---------------+-------+-----
Long Blades    | 2 |  2.4
Fighting       | |  3.5
Armour         | |  3.7
Dodging        | |  0.6
Shields        | |  3.7

Action                   || total
-------------------------++-------
Melee: Long sword        ||   106
  Use: Scroll            ||     2
Armor: Scale mail        ||    62
Dodge: Dodged            ||    47
Block: Buckler           ||    24

Table legend: (Time is in decaauts)
 A = Elapsed time spent in this place.
 B = Non-inter-level travel time spent in this place.
 C = Inter-level travel time spent in this place.
 D = Time resting spent in this place.
 E = Time spent auto-exploring this place.
 F = Levels seen in this place.
 G = Mean time per level.
                   A        B        C        D        E       F      G
               +--------+--------+--------+--------+--------+-----+--------+
         Total |   1429 |   1404 |     25 |     10 |   1109 |   2 |  714.5 |
       Dungeon |   1429 |   1404 |     25 |     10 |   1109 |   2 |  714.5 |
               +--------+--------+--------+--------+--------+-----+--------+

Top non-repeatable levels by time:
     D:1: 798 daAuts
     D:2: 631 daAuts
